 Dungeon Crawl Stone Soup version 0.29.1-2-gbd0b4ee654 (webtiles) character file.

Game seed: 1562414567153366250

768 bullfish the Slasher (level 7, 0/55 HPs)
             Began as a Black Draconian Gladiator on Nov 16, 2022.
             Succumbed to a water moccasin's poison
             ... on level 5 of the Dungeon.
             The game lasted 00:13:02 (5562 turns).

bullfish the Slasher (Black Draconian Gladiator)    Turns: 5562, Time: 00:13:02

Health: 0/55       AC:  8    Str: 16    XL:     7   Next: 52%
Magic:  7/7        EV: 14    Int: 15    God:
Gold:   245        SH:  0    Dex: 14    Spells: 6/6 levels left

rFire   . . .      SeeInvis .   a - +0 long sword
rCold   . . .      Faith    .   (no shield)
rNeg    . . .      Spirit   .   (body armour unavailable)
rPois   .          Reflect  .   b - +0 hat
rElec   +          Harm     .   s - +0 cloak
rCorr   .          Rampage  .   w - +0 pair of gloves
Will    .....                   (no boots)
Stlth   +.........              (no amulet)
HPRegen 0.18/turn               j - +6 ring of intelligence
MPRegen 0.10/turn               (no ring)

@: lethally poisoned (0 -> -10)
A: breathe lightning, AC +6, unfitting armour, electricity resistance,
cold-blooded
a: Breathe Lightning


You were on level 5 of the Dungeon.
You visited 1 branch of the dungeon, and saw 5 of its levels.

You collected 245 gold pieces.

Inventory:

Hand Weapons
 a - a +0 long sword (weapon)
 v - a +0 spear of freezing
 x - a +0 sling
 A - a +2 dagger of protection
Missiles
 c - 4 throwing nets
 d - a javelin
 e - 4 poisoned darts (quivered)
Armour
 b - a +0 hat (worn)
 s - a +0 cloak (worn)
 w - a +0 pair of gloves (worn)
Jewellery
 j - a +6 ring of intelligence (left hand)
 C - a ring of fire
Wands
 u - a wand of digging (7)
Scrolls
 f - 3 scrolls of teleportation
 i - a scroll of vulnerability
 m - a scroll of enchant weapon {unknown}
 n - a scroll of poison
 r - a scroll of blinking {unknown}
 y - a scroll of magic mapping {unknown}
 z - a scroll of noise {unknown}
 B - a scroll of enchant armour {unknown}
Potions
 h - 2 potions of lignification
 k - a potion of magic {unknown}
 l - 3 potions of resistance
 o - a potion of brilliance {unknown}
 p - a potion of ambrosia {unknown}
 q - a potion of haste {unknown}
 t - 2 potions of curing
 D - a potion of degeneration {unknown}


   Skills:
 - Level 2.1 Fighting
 * Level 6.6 Long Blades
 - Level 1.7 Throwing
 * Level 6.1 Dodging


You had 6 spell levels left.
You didn't know any spells.
Your spell library contained the following spells:

 Spells                   Type           Power      Damage    Failure   Level
 Confusing Touch          Hex            0%         N/A       63%         3
 Animate Dead             Necr           0%         N/A       95%         4
 Borgnjor's Vile Clutch   Necr/Erth      0%         N/A       100%        5
 Yara's Violent Unravell  Hex/Tmut       0%         3d3       100%        5
 Death Channel            Necr           0%         N/A       100%        6
 Enfeeble                 Hex            0%         N/A       100%        7


Dungeon Overview and Level Annotations

Branches:
Dungeon (5/15)
 Temple: D:4-7

Altars:
Yredelemnul
Zin

Shops:
D:1 *=


Innate Abilities, Weirdness & Mutations

You can breathe wild blasts of lightning.
Your glossy black scales are hard. (AC +6)
You cannot fit into any form of body armour.
You are resistant to electric shocks. (rElec)
You are cold-blooded and may be slowed by cold attacks.


Message History

The water moccasin bites you!
You are more poisoned.
The water moccasin poisons you!
You slash the water moccasin! You tail-slap the water moccasin.
The water moccasin is severely wounded.
You feel very sick.
The water moccasin closely misses you. x2
You barely miss the water moccasin.
The water moccasin is severely wounded.
You feel very sick. The water moccasin closely misses you.
You hit the water moccasin.
The water moccasin is severely wounded.
You feel very sick. The water moccasin bites you.
The water moccasin barely misses you.
You are too injured to fight recklessly!
You are too injured to fight recklessly!
You are too injured to fight recklessly!
You are too injured to fight recklessly!
You barely miss the water moccasin.
The water moccasin is severely wounded.
You feel very sick. The water moccasin barely misses you.
You hit the water moccasin.
The water moccasin is almost dead.
You feel very sick. The water moccasin closely misses you.
The water moccasin bites you.
* * * LOW HITPOINT WARNING * * *
You are lethally poisoned!
The water moccasin poisons you!
You hit the water moccasin.
You kill the water moccasin!
* * * LOW HITPOINT WARNING * * *
You feel very sick.
Your Dodging skill increases to level 6!
* * * LOW HITPOINT WARNING * * *
You feel very sick.
* * * LOW HITPOINT WARNING * * *
You feel very sick.
You die...

.................†......
####..#..##.###..#.#####
...<..................
......#.##.####.#.#####
###.#....#.# #.#....##
####.....# #.#......
...##.#..####........
.⌠............#######
...##.#..####@# ##
#......##.########
............#.........
......$!#......†......
#.#........##.........
............#........?
#.#.........#.........
#...........#.........
.#.........#..####.##


There were no monsters in sight!

Vanquished Creatures
  Menkaure (D:5)
  A water moccasin (D:5)
  An ogre (D:4)
  A phantom (D:4)
  A scorpion (D:4)
  2 hounds
  An orc priest (D:3)
  An orc wizard (D:5)
  7 gnolls
  3 adders
  A white imp (D:4)
  2 dart slugs
  10 orcs
  9 endoplasms
  2 giant cockroaches
  4 goblins
  10 hobgoblins
  3 jackals (D:3)
  10 kobolds
  3 quokkas
  8 ball pythons
  2 bats
  6 frilled lizards
  6 rats
  A spectral orc (D:3)
96 creatures vanquished.

Vanquished Creatures (others)
  16 plants
  4 withered plants (D:1)
20 creatures vanquished.

Grand Total: 116 creatures vanquished

Notes
Turn   | Place    | Note
-------+----------+-------------------------------------------
     0 | D:1      | bullfish the Draconian Gladiator began the quest for the
                  | Orb.
     0 | D:1      | Reached XP level 1. HP: 17/17 MP: 1/1
   225 | D:1      | Found Ruyc's Jewellery Shop.
   332 | D:1      | Found Ihiach's Assorted Antiques.
   375 | D:1      | Reached XP level 2. HP: 23/24 MP: 2/2
  1378 | D:1      | Reached XP level 3. HP: 29/29 MP: 3/3
  1621 | D:1      | Found a faded altar of an unknown god.
  1974 | D:2      | Reached XP level 4. HP: 14/36 MP: 4/4
  3430 | D:4      | Reached XP level 5. HP: 35/41 MP: 5/5
  3609 | D:4      | Noticed a phantom
  3644 | D:4      | Killed a phantom
  3645 | D:4      | Reached skill level 5 in Long Blades
  3818 | D:3      | Reached XP level 6. HP: 37/48 MP: 6/6
  4328 | D:3      | Found a basalt altar of Yredelemnul.
  4394 | D:4      | Found a glowing silver altar of Zin.
  4445 | D:4      | Reached skill level 5 in Dodging
  5064 | D:5      | Entered Level 5 of the Dungeon
  5180 | D:5      | Your scales start taking on a glossy black colour.
  5180 | D:5      | Reached XP level 7. HP: 48/55 MP: 7/7
  5180 | D:5      | Gained mutation: You are resistant to electric shocks.
                  | (rElec) [Black Draconian growth]
  5230 | D:5      | Noticed Menkaure
  5246 | D:5      | HP: 2/55 [Menkaure/nerve-wracking pain (10)]
  5248 | D:5      | Killed Menkaure
  5562 | D:5      | Succumbed to a water moccasin's poison

Illustrated notes

Levels and vault maps discovered:
D:1:      tarquinn_simple_flora_water_d, layout_basic,
          shapermc_ecumenical_altar_flowoftime, serial_shops, shop, shop,
          minivault_5
D:2:      layout_rooms, grunt_ministairs_9, nicolae_kite_square_tiling_tiny
D:3:      layout_loops_ring, yredelemnul_forgotten_temple_becter
D:4:      layout_rooms, mainiacjoe_overflow_chevrons,
          chequers_serial_rivers_micro_b
D:5:      layout_basic, minmay_temple_entry_antechambers, minmay_manual_mail,
          uniq_menkaure

Skill      XL: |  1  2  3  4  5  6  7 |
---------------+----------------------+-----
Dodging        | 3 4 5 6 |  6.1
Long Blades    | 4 5 6 |  6.6
Fighting       | |  2.1
Throwing       | |  1.7

Action                   |  1- 3 |  4- 6 |  7- 9 || total
-------------------------+-------+-------+-------++-------
Melee: Long sword        |   105 |   210 |    18 ||   333
       Tailslap          |    18 |    25 |     3 ||    46
       Punch             |     1 |     1 |       ||     2
Throw: Dart              |     5 |     7 |       ||    12
  Use: Scroll            |       |     6 |       ||     6
       Potion            |       |       |     1 ||     1
 Stab: Sleeping          |       |     2 |       ||     2
       Distracted        |       |     1 |       ||     1
Armor: Skin              |    17 |    83 |     2 ||   102
Dodge: Dodged            |    57 |   155 |    14 ||   226
